 Dungeon Crawl Stone Soup version 0.31-a0-636-ge1c0e020e0 (webtiles) character file.

Game seed: 18370216637513525854

441 Descartes the Shield-Bearer (level 7, -8/56 HPs)
             Began as a Formicid Fighter on Aug 26, 2023.
             Was an Initiate of Gozag.
             Killed from afar by Dowan (13 damage)
             ... with a shard of ice
             ... on level 4 of the Dungeon.
             The game lasted 00:07:26 (3019 turns).

Descartes the Shield-Bearer (Formicid Fighter)      Turns: 3019, Time: 00:07:27

Health: -8/56      AC:  7    Str: 21    XL:     7   Next: 22%
Magic:  7/7        EV:  8    Int:  7    God:    Gozag
Gold:   243        SH: 10    Dex: 15    Spells: 6/6 levels left

rFire   . . .        a - +0 war axe
rCold   + . .        k - +0 kite shield
rNeg    . . .        b - +0 scale mail
rPois   .            (helmet unavailable)
rElec   .            (no cloak)
rCorr   .            (no gloves)
SInv    +            (no boots)
Will    .....        (no amulet) Stlth
                     j - ring of protection from cold
HPRegen 0.29/turn    (no ring)
MPRegen 0.10/turn

%: no passive effects
@: mighty, attractive
A: permanent stasis, dig shafts and tunnels, antennae 3, four strong arms
a: Dig, Shaft Self, Renounce Religion, Potion Petition, Call Merchant, Bribe
Branch


You were on level 4 of the Dungeon.
You worshipped Gozag.
Gozag was aware of your devotion.
You visited 2 branches of the dungeon, and saw 5 of its levels.

You collected 327 gold pieces.
You paid 84 gold pieces to Gozag.

Inventory:

Hand Weapons
 a - a +0 war axe (weapon)
 i - a +1 hand axe of distortion
Armour
 b - a +0 scale mail (worn)
 k - a +0 kite shield (worn)
Jewellery
 f - a ring of flight
 j - a ring of protection from cold (left hand)
Talismans
 h - a maw talisman
 m - a granite talisman
Scrolls
 c - 2 scrolls of identify {unknown}
 e - a scroll of revelation {unknown}
 g - a scroll of brand weapon {unknown}
 l - a scroll of enchant armour {unknown}
Potions
 d - 2 potions of might


   Skills:
 + Level 5.0 Fighting
 + Level 4.0 Axes
 + Level 5.0 Armour
 + Level 6.0 Shields


You had 6 spell levels left.
You didn't know any spells.
Your spell library was empty.

Dungeon Overview and Level Annotations

Branches:
Dungeon (4/15)             Temple (1/1) D:4

Altars:
Ashenzari
Elyvilon
Gozag
Hepliaklqana
Kikubaaqudgha
Okawaru
Qazlal
Ru
Trog
Uskayaw
Xom
Yredelemnul
Zin

Annotations:
D:4 2 runed translucent doors, Dowan


Innate Abilities, Weirdness & Mutations

You cannot be hasted, slowed, berserked, paralysed or teleported.
You can dig through walls and to a lower floor.
You have a pair of large antennae on your head. (SInv)
Your four strong arms can wield two-handed weapons with a shield.


Message History

You block the scorpion's attack. The scorpion stings you.
You barely miss the scorpion.
The scorpion is severely wounded.
You block the scorpion's attack.
You barely miss the scorpion.
The scorpion is severely wounded.
The scorpion completely misses you. You block the scorpion's attack.
You hit the scorpion.
You kill the scorpion!
Your Fighting skill increases to level 5!
Your Axes skill increases to level 4!
Your Armour skill increases to level 5!
Your Shields skill increases to level 6!
You barely miss Dowan.
Dowan seems to find hidden reserves of power!
Dowan shakes with grief.
You block Dowan's attack. Dowan hits you but does no damage.
You closely miss Dowan. Dowan hits you with a +0 dagger.
* * * LOW HITPOINT WARNING * * *
Dowan casts a spell.
You barely miss Dowan. Dowan hits you with a +0 dagger.
* * * LOW HITPOINT WARNING * * *
You block Dowan's attack.
It was a potion of attraction.
You feel attractive to monsters. Dowan hits you with a +0 dagger.
* * * LOW HITPOINT WARNING * * *
Dowan closely misses you.
You barely miss Dowan. Dowan casts a spell at you. The shard of ice misses you.
Dowan gestures wildly while chanting.
You closely miss Dowan. Dowan hits you with a +0 dagger.
* * * LOW HITPOINT WARNING * * *
Dowan gestures wildly while chanting.
Okay, then.
You barely miss Dowan. Dowan closely misses you.
Dowan gestures at you while chanting. The shard of ice hits you!
You partially resist.
You die...
Your body crumbles into a pile of gold.

#.......#...................#
#.......'.....#########+#####
#########<....#............#.
.......#.....#............#.
.......#..................#.
.......######.#####'########
........# #........<......
........#####...............
........#{#@#...............
.........#e##...............
#,
#...#..#####...............
##.## #####.##
#....###.....#####
......#..e.##
##.....#....)#...#
......#....#
#.....#.....#...#
......$....#
#.....#.....#...# .....#....#
#.....#.....#...# .... #....#
#.....#.....+...#


You could see Dowan (fast).

Vanquished Creatures
  Duvessa (D:4)
  A phantom (D:4)
  A scorpion (D:4)
  A howler monkey (D:4)
  Natasha (D:4)
  Terence (D:2)
  3 adders
  2 worms (D:2)
  5 dart slugs
  8 orcs
  4 endoplasms
  A giant cockroach (D:1)
  6 goblins
  6 hobgoblins
  4 jackals (D:1)
  A quokka (D:1)
  5 ball pythons
  6 bats
  2 frilled lizards
  8 kobolds
  6 rats
73 creatures vanquished.

Notes
Turn   | Place    | Note
-------+----------+-------------------------------------------
     0 | D:1      | Descartes the Formicid Fighter began the quest for the Orb.
     0 | D:1      | Reached XP level 1. HP: 18/18 MP: 1/1
   102 | D:1      | Reached XP level 2. HP: 18/24 MP: 2/2
   171 | D:1      | Found a faded altar of an unknown god.
   314 | D:1      | Reached XP level 3. HP: 28/29 MP: 3/3
  1068 | D:2      | Noticed Terence
  1074 | D:2      | Reached XP level 4. HP: 28/37 MP: 4/4
  1084 | D:2      | HP: 1/37 [Terence/+0 falchion (5)]
  1086 | D:2      | Killed Terence
  1300 | D:2      | Found a white marble altar of Elyvilon.
  1787 | D:2      | Reached XP level 5. HP: 35/42 MP: 5/5
  2052 | D:3      | Reached skill level 5 in Shields
  2470 | D:4      | Found a staircase to the Ecumenical Temple.
  2476 | Temple   | Entered the Ecumenical Temple
  2502 | Temple   | Became a worshipper of Gozag Ym Sagoz the Greedy
  2528 | D:4      | Noticed Natasha
  2534 | D:4      | Killed Natasha
  2845 | D:4      | Found a large runed translucent door.
  2845 | D:4      | Found a large runed translucent door.
  2973 | D:4      | Noticed a phantom
  2975 | D:4      | Noticed Duvessa
  2976 | D:4      | Noticed Dowan
  2982 | D:4      | Reached XP level 6. HP: 49/49 MP: 6/6
  3006 | D:4      | Killed Duvessa
  3007 | D:4      | Reached XP level 7. HP: 20/55 MP: 7/7
  3013 | D:4      | Reached skill level 5 in Fighting
  3013 | D:4      | Reached skill level 5 in Armour
  3013 | D:4      | Reached skill level 6 in Shields
  3019 | D:4      | Killed from afar by Dowan

Illustrated notes

Levels and vault maps discovered:
D:1:      lightli_arrival_farm, layout_basic, shapermc_ecumenical_altar_ellora
D:2:      layout_loops_ring, basic_altar, patterned_corridor, uniq_terence
D:3:      layout_loops_ring, serial_bayou_pond_d
D:4:      layout_gridville, jmf_multi_god_temple2,
          minmay_temple_entry_sparse_star, uniq_duvessa, uniq_natasha
Temple:   dshaligram_water_room_temple

Skill      XL: |  1  2  3  4  5  6  7 |
---------------+----------------------+-----
Fighting       | 4 5 |  5.0
Armour         | 4 5 |  5.0
Axes           | 3 4 |  4.0
Shields        | 5 6 |  6.0

Action                     |  1- 3 |  4- 6 |  7- 9 || total
---------------------------+-------+-------+-------++-------
  Melee: War axe           |    74 |   123 |    12 ||   209
Ability: Dig               |       |     2 |       ||     2
    Use: Potion            |       |     2 |     1 ||     3
 Armour: Scale mail        |    42 |    46 |     3 ||    91
  Dodge: Dodged            |    42 |    44 |     4 ||    90
  Block: Buckler           |    20 |     3 |       ||    23
         Kite shield       |       |    47 |     6 ||    53
         Form:             |     1 |       |       ||     1
         Maw               |     1 |       |       ||     1

Table legend: (Time is in decaauts)
 A = Elapsed time spent in this place.
 B = Non-inter-level travel time spent in this place.
 C = Inter-level travel time spent in this place.
 D = Time resting spent in this place.
 E = Time spent auto-exploring this place.
 F = Levels seen in this place.
 G = Mean time per level.
                   A        B        C        D        E       F      G
               +--------+--------+--------+--------+--------+-----+--------+
         Total |   3134 |   2991 |    143 |      0 |   2350 |   5 |  626.8 |
       Dungeon |   3087 |   2963 |    124 |      0 |   2350 |   4 |  771.8 |
        Temple |     46 |     27 |     19 |      0 |      0 |   1 |   46.0 |
               +--------+--------+--------+--------+--------+-----+--------+

Top non-repeatable levels by time:
     D:2: 1119 daAuts
     D:1: 871 daAuts
     D:3: 564 daAuts
     D:4: 533 daAuts
  Temple: 46 daAuts
